 Dungeon Crawl Stone Soup version 0.18-a0-1782-gb76a692 (webtiles) character file.

906 Lovchig the Insei (level 7, -1/54 HPs)
             Began as a Vampire Monk on Apr 17, 2016.
             Was a Believer of Nemelex Xobeh.
             Slain by an adder (3 damage)
             ... on level 6 of the Dungeon.
             The game lasted 00:39:32 (5520 turns).

Lovchig the Insei (Vampire Monk)                    Turns: 5520, Time: 00:39:32

Health: -1/54      AC: 12    Str: 12    XL:     7   Next: 81%
Magic:  7/7        EV:  5    Int: 13    God:    Nemelex Xobeh [**....]
Gold:   239        SH:  0    Dex: 19    Spells: 0 memorised, 6 levels left

rFire  . . .     SeeInvis +     g - +1 short sword (drain)
rCold  . . .     Gourm    .     l - +0 plate armour
rNeg   . . .     Faith    .     (no shield)
rPois  .         Spirit   .     (helmet restricted)
rElec  .         Dismiss  .     j - +0 cloak
rCorr  .         Reflect  .     (no gloves)
SustAt .         Harm     .     (no boots)
MR     .....                    (no amulet)
Stlth  ..........               (no ring)
                                t - +3 ring of dexterity

@: lethally poisoned (-1 -> -4), very slightly contaminated, regenerating
quickly, not resistant to hostile enchantments, extremely unstealthy
A: fangs 3, horns 2, see invisible, unbreathing
a: Renounce Religion


You were on level 6 of the Dungeon.
You worshipped Nemelex Xobeh.
Nemelex Xobeh was pleased with you.
You were very full.

You visited 2 branches of the dungeon, and saw 8 of its levels.
You also visited: Sewer.

You collected 369 gold pieces.
You spent 130 gold pieces at shops.

Inventory:

Hand Weapons
 g - a +1 short sword of draining (weapon)
 k - a +0 club
 q - a +0 war axe
 r - a +0 long sword
Missiles
 o - 3 poisoned tomahawks (quivered)
Armour
 a - a +0 robe
 b - a +0 chain mail
 d - a +0 scale mail
 j - a +0 cloak (worn)
 l - a +0 plate armour (worn)
 x - a +2 helmet
Jewellery
 e - a -2 ring of evasion
 t - a +3 ring of dexterity (left hand)
Wands
 p - a wand of disintegration (24/24)
 H - a wand of confusion (20/48)
Scrolls
 c - 8 scrolls of remove curse
 m - a scroll of blinking
 A - 2 scrolls of identify
 C - a scroll of recharging
 E - a scroll of enchant armour {unknown}
 F - 2 scrolls of enchant weapon {unknown}
Potions
 f - a potion of magic
 i - 4 potions of lignification
 s - a potion of agility
 u - a potion of cancellation
 w - a potion of might
 z - a potion of berserk rage
 B - a potion of cure mutation
Miscellaneous
 h - a plain deck of defence {drawn: 1}
 n - a legendary deck of war {drawn: 5}
 y - a plain deck of destruction
 G - a plain deck of escape


   Skills:
 * Level 4.2 Fighting
 * Level 2.8 Short Blades
 * Level 3.9 Armour
 * Level 5.3 Dodging
 - Level 3.0 Stealth
 * Level 6.3 Unarmed Combat
 + Level 0.3 Evocations


You had 6 spell levels left.
You didn't know any spells.

Dungeon Overview and Level Annotations

Branches:
Dungeon (7/15)             Temple (1/1) D:4

Altars:
Ashenzari
Cheibriados
Fedhas
Kikubaaqudgha
Nemelex Xobeh
Okawaru
Pakellas
Qazlal
Sif Muna
Trog
Vehumet
Zin

Shops:
D:5 ?


Innate Abilities, Weirdness & Mutations

Your natural rate of healing is unusually fast.
You have razor-sharp teeth.
You have supernaturally acute eyesight.
You can survive without breathing.
You have a pair of horns on your head.


Message History

The killer bee poisons you! The killer bee stings you.
You feel sick. The killer bee closely misses you.
You feel sick. The killer bee barely misses you.
The killer bee stings you but does no damage. x2
You feel sick. The killer bee barely misses you. The killer bee stings you.
* * * LOW HITPOINT WARNING * * *
You are more poisoned.
The killer bee poisons you!
You feel sick.
The killer bee stings you but does no damage.
You feel sick. The killer bee barely misses you.
The killer bee stings you but does no damage.
You feel sick. The killer bee stings you.
* * * LOW HITPOINT WARNING * * *
You feel sick.
You feel sick. The killer bee stings you.
* * * LOW HITPOINT WARNING * * *
The adder bites you.
You die...
Your body glows slightly and disappears.

####.###.....#.###.#%
#.###.....#S....#[
####.##...#.o.z.#..$.
#....#....#.###.# ###
#.###.....#o....#
#.##...#.o...#.....#
#.##...#.###.#.###.#
#####.##...#.....#.. #
#......<@yz.o....(...
#........S............
#........##############
#........# #........#
#........# #........#
#........# ##########


You could see a killer bee, a wight, an orc wizard (invisible) and an adder.

Vanquished Creatures
  A big kobold (D:7)
  A water moccasin zombie (D:5)
  A scorpion (D:5)
  A centaur zombie (D:4)
  A quasit (D:6)
  2 jellies (D:5)
  A giant frog skeleton (D:4)
  An orc wizard (D:5)
  2 worker ants
  A hound skeleton (D:6)
  A howler monkey skeleton (D:7)
  15 adders
  A gnoll (D:1)
  7 oozes (Sewer)
  3 worms
  An adder skeleton (D:4)
  6 dart slugs
  14 giant geckos
  7 orcs
  19 giant cockroaches
  12 goblins
  7 hobgoblins
  10 ball pythons
  9 bats
  A giant gecko skeleton (D:5)
  8 giant newts
  9 kobolds
  6 rats
148 creatures vanquished.

Vanquished Creatures (collateral kills)
  A giant frog (D:6)
  A scorpion (D:6)
  A wight (D:6)
  A jelly (D:6)
  A hound (D:6)
  2 orc wizards (D:6)
  3 gnolls (D:6)
  3 orcs (D:6)
  A quokka (D:6)
  2 kobolds (D:7)
16 creatures vanquished.

Vanquished Creatures (others)
  A plant (D:3)
1 creature vanquished.

Grand Total: 165 creatures vanquished

Notes
Turn   | Place    | Note
--------------------------------------------------------------
     0 | D:1      | Lovchig the Vampire Monk began the quest for the Orb.
     0 | D:1      | Reached XP level 1. HP: 17/17 MP: 1/1
   238 | D:1      | Reached XP level 2. HP: 23/23 MP: 2/2
   743 | D:1      | Reached XP level 3. HP: 26/28 MP: 3/3
   961 | D:2      | Reached skill level 5 in Unarmed Combat
  1060 | D:2      | Reached XP level 4. HP: 29/35 MP: 4/4
  1576 | D:2      | Found a deep blue altar of Sif Muna.
  1977 | D:3      | Reached skill level 1 in Armour
  2005 | D:3      | Found a glowing drain.
  2176 | Sewer    | Entered a sewer
  2226 | Sewer    | Reached XP level 5. HP: 41/41 MP: 5/5
  2808 | D:3      | Found a stormy altar of Qazlal.
  2809 | D:3      | Found a snail-covered altar of Cheibriados.
  3171 | D:3      | Reached XP level 6. HP: 48/48 MP: 6/6
  3275 | D:3      | Gained mutation: You have a pair of small horns on your head. [potion of mutation]
  3275 | D:3      | Gained mutation: You are clumsy. (Dex -2) [potion of mutation]
  3275 | D:3      | Lost mutation: You are clumsy. (Dex -2) [potion of mutation]
  3789 | D:4      | Reached skill level 1 in Short Blades
  3789 | D:4      | Reached skill level 5 in Dodging
  4131 | D:4      | Reached skill level 6 in Unarmed Combat
  4182 | D:4      | Found a staircase to the Ecumenical Temple.
  4212 | D:4      | Gained mutation: You have a pair of horns on your head. [potion of beneficial mutation]
  4230 | Temple   | Entered the Ecumenical Temple
  4251 | Temple   | Became a worshipper of Nemelex Xobeh the Trickster
  4251 | Temple   | Received a gift from Nemelex Xobeh
  4251 | Temple   | Reached * piety under Nemelex Xobeh
  4251 | Temple   | Received a gift from Nemelex Xobeh
  4251 | Temple   | Reached ** piety under Nemelex Xobeh
  4495 | D:5      | Entered Level 5 of the Dungeon
  4526 | D:5      | Found Xusomey's Magic Scroll Shop.
  4547 | D:5      | Bought 2 scrolls of identify for 40 gold pieces
  4547 | D:5      | Bought a scroll of remove curse for 30 gold pieces
  4547 | D:5      | Bought a scroll of identify for 20 gold pieces
  4547 | D:5      | Bought a scroll of identify for 20 gold pieces
  4547 | D:5      | Bought a scroll of identify for 20 gold pieces
  4763 | D:5      | Found a bloodstained altar of Trog.
  4873 | D:5      | Reached XP level 7. HP: 43/54 MP: 7/7
  4896 | D:5      | Received a gift from Nemelex Xobeh
  4998 | D:5      | Found an oddly glowing altar of Pakellas.
  5393 | D:6      | HP: 2/54 [poisoned by a killer bee]
  5400 | D:6      | HP: 2/54 [poisoned by a killer bee]
  5408 | D:6      | HP: 2/54 [poisoned by a killer bee]
  5439 | D:6      | HP: 2/54 [wight/enchanted scimitar (9)]
  5520 | D:6      | HP: 2/54 [killer bee (5)]
  5520 | D:6      | Slain by an adder

Vault maps used:
D:1:      tarquinn_simple_flora_water_e
D:2:      led_sif_pool, first_bread, amalloy_card_club
D:3:      grunt_temple_overflow_open, gup_sewer_entry_pipe, serial_bayou_lake_a
D:4:      minmay_temple_entry_nine_rooms, minmay_misc_feat_diagonals
D:5:      lightli_temple_of_fire, serial_shops, shop, grunt_pakellas_sulfur
D:6:      hangedman_cross_stitches, nicolae_gozag_seed_capital, uniq_pikel
Temple:   nicolae_temple_figure_zero
Sewer:    sewer_frog_island_02

Skill      XL: |  1  2  3  4  5  6  7 |
---------------+----------------------+-----
Fighting       | 3 4 |  4.2
Unarmed Combat | 5 6 |  6.3
Dodging        | 4 5 |  5.3
Armour         | 1 2 3 |  3.9
Short Blades   | 1 2 |  2.8
Stealth        | |  3.0
Evocations     | |  0.3

Action                   |  1- 3 |  4- 6 |  7- 9 || total
-------------------------+-------+-------+-------++-------
Melee: Unarmed           |   110 |   366 |       ||   476
       Bite              |    11 |    49 |    10 ||    70
       Punch             |     4 |     6 |     1 ||    11
       Short sword       |       |   126 |    87 ||   213
       Headbutt          |       |    17 |    12 ||    29
Evoke: Deck              |       |     1 |     5 ||     6
  Use: Scroll            |     4 |    18 |     5 ||    27
       Potion            |       |     2 |     1 ||     3
 Stab: Sleeping          |     1 |     1 |       ||     2
  Eat: Corpse            |    11 |    19 |     7 ||    37
Armor: Scale mail        |    52 |   167 |       ||   219
       Chain mail        |       |    26 |       ||    26
       Plate armour      |       |    70 |   162 ||   232
Dodge: Dodged            |    63 |   259 |    48 ||   370
